 Dungeon Crawl Stone Soup version 0.32-a0-913-g739538afd8 (webtiles) character file.

Game seed: 10716100285966042807

25 PriceMaster the Digger (level 2, 0/13 HPs)
             Began as a Spriggan Earth Elementalist on Apr 8, 2024.
             Succumbed to Terence's poison
             ... on level 2 of the Dungeon.
             The game lasted 00:01:46 (1015 turns).

PriceMaster the Digger (SpEE)                       Turns: 1015, Time: 00:01:47

Health: 0/13       AC:  3    Str:  4    XL:     2   Next: 82%
Magic:  1/2        EV: 16    Int: 16    God:
Gold:   109        SH:  0    Dex: 15    Spells: 6/7 levels left

rFire   . . .        n - +2 dagger (antimagic)
rCold   . . .        (no shield)
rNeg    . . .        a - +0 robe
rPois   .            (helmet restricted)
rElec   .            o - +0 cloak
rCorr   .            (gloves unavailable)
SInv    +            (boots unavailable)
Will    .....        (no amulet)
Stlth   ++           (no ring)
HPRegen 0.22/turn    (no ring)
MPRegen 0.08/turn

%: no passive effects
@: lethally poisoned (0 -> -21), very quick
A: very small, no large weapons, unfitting armour, see invisible, speed 3
a: no special abilities


You were on level 2 of the Dungeon.
You visited 1 branch of the dungeon, and saw 2 of its levels.

You collected 109 gold pieces.

Inventory:

Hand Weapons
 d - a +0 short sword
 n - a +2 antimagic dagger (weapon)
Armour
 a - a +0 robe (worn)
 o - a +0 cloak (worn)
Jewellery
 i - an amulet of regeneration
 k - a ring of protection from fire
Talismans
 s - a granite talisman
Scrolls
 e - a scroll of enchant weapon {unknown}
 f - a scroll of teleportation {unknown}
 h - a scroll of amnesia {unknown}
 j - a scroll of identify {unknown}
 p - a scroll of enchant armour {unknown}
 r - a scroll of fog {unknown}
 t - a scroll of silence {unknown}
Potions
 c - a potion of curing
 l - a potion of invisibility {unknown}
 m - a potion of heal wounds {unknown}
 q - a potion of might {unknown}


   Skills:
 * Level 0.2 Fighting
 * Level 3.1 Dodging
 * Level 3.2 Stealth
 * Level 3.0 Spellcasting
 + Level 0.6 Conjurations
 * Level 3.3 Earth Magic


You had 6 spell levels left.
You knew the following spells:

 Your Spells              Type           Power      Damage    Failure   Level
a - Sandblast             Erth           24%        2d8       4%          1

Your spell library contained the following spells:

 Spells                   Type           Power      Damage    Failure   Level
 Passwall                 Erth           12%        N/A       14%         3
 Stone Arrow              Conj/Erth      16%        3d8       26%         3
 Brom's Barrelling Bould  Conj/Erth      8%         2d3       63%         4
 Petrify                  Alch/Erth      7%         N/A       67%         4


Dungeon Overview and Level Annotations

Branches:
Dungeon (2/15)

Altars:

Annotations:
D:2 Terence


Innate Abilities, Weirdness & Mutations

You are very small and have problems with some larger weapons.
You are too small for most types of armour.
You have supernaturally acute eyesight. (SInv)
You cover ground extremely quickly. (Speed+++)


Message History

Confirm with . or Enter, or press ? or * to list all spells.
Aiming: Sandblast (safe; 4% risk of failure)
Press: ? - help, Shift-Dir - straight line, f/p - Terence
Aim: Terence, wielding a +0 short sword of venom and wearing a +3 chain mail of fire resistance (87% to hit)
The blast of sand hits Terence but does no damage.
Unknown command.
Casting: Sandblast (safe; 4% risk of failure)
Confirm with . or Enter, or press ? or * to list all spells.
You don't have enough magic to cast this spell.
Unknown command.
Okay, then.
Casting: Sandblast (safe; 4% risk of failure)
Confirm with . or Enter, or press ? or * to list all spells.
You can't see any susceptible monsters within range! (Use Z to cast anyway.)
Casting: Sandblast (safe; 4% risk of failure)
Confirm with . or Enter, or press ? or * to list all spells.
Aiming: Sandblast (safe; 4% risk of failure)
Press: ? - help, Shift-Dir - straight line, f/p - Terence
Aim: Terence, wielding a +0 short sword of venom and wearing a +3 chain mail of fire resistance (87% to hit)
The blast of sand hits Terence but does no damage.
Unknown command.
You see here a hobgoblin corpse.
You feel magic leave you.
n - a +2 antimagic dagger (weapon)
It was a potion of cancellation.
You feel magically purged.
It was a potion of curing.
You feel better.
You hit Terence.
Terence is lightly wounded.
Terence hits you with a +0 short sword of venom.
You barely miss Terence.
Terence is lightly wounded.
Terence hits you with a +0 short sword of venom.
You are lethally poisoned!
You barely miss Terence.
Terence is lightly wounded.
* * * LOW HITPOINT WARNING * * *
You feel very sick. Terence hits you but does no damage.
You are more poisoned.
You die...

#.#.........#######'##.....#
#.........#........#.....#
..........#........#@....#
#.........#........#.....#
..........#........#.....#
.[........#........#.....#
##..#.#@.#........#..#### #..
... .##......#........#..#
...##.##........@# #†.#
...#.............##+#######.##
.....#.......#.#....†...@...#
#.#..........#.##.######..###
#.##.........#......# #.##
..............###†..###..#
..................#..##..#
.....................#...#
......#####..............#


You could see Terence.

Vanquished Creatures
  3 bats
  3 endoplasms (D:1)
  A giant cockroach (D:2)
  A hobgoblin (D:2)
  3 jackals (D:2)
  5 ball pythons
  A goblin (D:1)
  A kobold (D:1)
  6 rats
24 creatures vanquished.

Notes
Turn   | Place    | Note
-------+----------+-------------------------------------------
     0 | D:1      | PriceMaster the Spriggan Earth Elementalist began the quest
                  | for the Orb.
     0 | D:1      | Reached XP level 1. HP: 9/9 MP: 5/5
   356 | D:1      | Reached XP level 2. HP: 13/13 MP: 4/6
   923 | D:2      | Noticed Terence
  1015 | D:2      | Succumbed to Terence's poison

Illustrated notes

Levels and vault maps discovered:
D:1:      onia_arrival_mini_spirals, layout_rooms, minmay_misc_feat_iff,
          roderic_cross_of_infinity, ebering_dispersal_statue_hall
D:2:      layout_rooms, minivault_25, uniq_sigmund, uniq_terence

Skill      XL: |  1  2 |
---------------+-------+-----
Earth Magic    | 3 |  3.3
Dodging        | 3 |  3.1
Spellcasting   | 3 |  3.0
Fighting       | |  0.2
Stealth        | |  3.2
Conjurations   | |  0.6

Action                     || total
---------------------------++-------
  Melee: Dagger            ||     3
   Cast: Sandblast         ||    42
    Use: Potion            ||     3
 Armour: Robe              ||    10
  Dodge: Dodged            ||    15

Table legend: (Time is in decaauts)
 A = Elapsed time spent in this place.
 B = Non-inter-level travel time spent in this place.
 C = Inter-level travel time spent in this place.
 D = Time resting spent in this place.
 E = Time spent auto-exploring this place.
 F = Levels seen in this place.
 G = Mean time per level.
                   A        B        C        D        E       F      G
               +--------+--------+--------+--------+--------+-----+--------+
         Total |    762 |    754 |      8 |      0 |    571 |   2 |  381.0 |
       Dungeon |    762 |    754 |      8 |      0 |    571 |   2 |  381.0 |
               +--------+--------+--------+--------+--------+-----+--------+

Top non-repeatable levels by time:
     D:1: 511 daAuts
     D:2: 250 daAuts
